 Dungeon Crawl Stone Soup version 0.17-a0-1763-g847a857 (webtiles) character file.

5737 luca467 the Basher (level 10, -3/114 (115) HPs)
             Began as a Minotaur Berserker on Sept 4, 2015.
             Was a High Priest of Trog.
             Slain by a spiny frog (12 damage)
             ... on level 10 of the Dungeon on Sept 5, 2015.
             The game lasted 01:28:13 (8140 turns).

luca467 the Basher (Minotaur Berserker)             Turns: 8140, Time: 01:28:13

HP:   -3/114 (115)  AC: 15    Str: 29    XL:     10   Next: 49%
MP:   9/9           EV:  7    Int:  5    God:    Trog [*****.]
Gold: 477           SH: 13    Dex: 10    Spells: 0 memorised, 9 levels left

rFire  . . .     SeeInvis .     R - +1 mace (crush)
rCold  . . .     Clarity  .     G - +0 plate armour
rNeg   . . .     SustAt   +     h - +0 shield
rPois  +         Gourm    .     (helmet unavailable)
rElec  .         Spirit   .     (no cloak)
rCorr  +         Warding  .     (no gloves)
rMut   .         Stasis   .     (no boots)
MR     .....                    E - amulet of resist corrosion
Stlth  ..........               C - ring of sustain attributes
                                f - ring of poison resistance

@: berserking, very quick, not resistant to hostile enchantments, extremely
unstealthy
A: retaliatory headbutt, beak, horns 3, slimy green scales 1
a: Burn Spellbooks, Berserk, Trog's Hand, Brothers in Arms, Renounce Religion


You were on level 10 of the Dungeon.
You worshipped Trog.
Trog was extremely pleased with you.
You were hungry.

You visited 2 branches of the dungeon, and saw 11 of its levels.
You also visited: Sewer.

You collected 477 gold pieces.

Inventory:

Hand weapons
 a - a +0 mace
 P - a +6 dire flail of protection
 R - a +1 mace of crushing (weapon)
Missiles
 w - 8 tomahawks (quivered)
Armour
 e - a +1 ring mail of fire resistance
 h - a +0 shield (worn)
 G - a +0 plate armour (worn)
 K - a troll hide
Jewellery
 f - a ring of poison resistance (left hand)
 A - a +6 ring of intelligence {unknown}
 C - a ring of sustain attributes (right hand)
 E - an amulet of resist corrosion (around neck)
 I - an uncursed ring of protection from fire {unknown}
 J - a cursed -3 ring of dexterity {unknown}
Magical devices
 F - a wand of fireball (13)
 H - a wand of magic darts (27)
 Q - a wand of fire (3)
Scrolls
 b - 2 scrolls of recharging
 i - 4 scrolls of magic mapping
 n - 2 scrolls of teleportation
 p - a scroll of enchant weapon
 q - a scroll of fear
 x - a scroll of immolation
 y - a scroll of brand weapon {unknown}
 z - a scroll of amnesia {unknown}
 B - a scroll of blinking {unknown}
Potions
 d - 7 potions of agility
 j - a potion of flight
 k - 3 potions of brilliance
 l - a potion of haste
 m - 4 potions of poison
 o - 3 potions of cancellation
 r - a potion of mutation {unknown}
 s - 2 potions of might {unknown}
 t - a potion of cure mutation {unknown}
 u - 5 potions of heal wounds {unknown}
 v - 6 potions of curing {unknown}
 N - a potion of degeneration {unknown}
 O - a potion of lignification {unknown}
 S - a potion of resistance {unknown}
Books
 D - a book of Spatial Translocations

   Spells                             Type                      Level
   a - Apportation                    Translocation                1
   b - Blink                          Translocation                2
   c - Shroud of Golubria             Charms/Translocation         2
   d - Portal Projectile              Translocation                3
   e - Teleport Other                 Translocation                3
   f - Passage of Golubria            Translocation                4
   Trog disapproves of the use of such an item.
 L - a Young Poisoner's Handbook

   Spells                             Type                      Level
   a - Sting                          Conjuration/Poison           1
   b - Cure Poison                    Poison                       2
   c - Mephitic Cloud                 Conjuration/Poison/Air       3
   d - Olgreb's Toxic Radiance        Poison                       4
   e - Venom Bolt                     Conjuration/Poison           5
   Trog disapproves of the use of such an item.
Comestibles
 c - 11 bread rations
 g - 8 beef jerkies
 M - a meat ration


   Skills:
 - Level 3.6 Fighting
 - Level 14.0 Maces & Flails
 - Level 6.8 Armour
 - Level 2.1 Dodging
 + Level 10.5 Shields


You had 9 spell levels left.
You didn't know any spells.

Dungeon Overview and Level Annotations

Branches:
Dungeon (10/15)            Temple (0/1) D:4            Lair (1/8) D:10
    Orc: D:9-12

Altars:
Ashenzari
Fedhas
Sif Muna
Beogh

Shops:
D:5 (

Annotations:
D:9 Maurice


Innate Abilities, Weirdness & Mutations

You reflexively headbutt those who attack you in melee.
You have a pair of large horns on your head.
You have a beak for a mouth.
You are partially covered in slimy green scales (AC +2).


Message History

* * * LOW HITPOINT WARNING * * *
You block the spiny frog's attack.
The electric eel shoots out a bolt of lightning at you!
The bolt of electricity hits you! x2
* * * LOW HITPOINT WARNING * * *
The bolt of electricity hits the electric eel.
The electric eel completely resists.
You sock the electric eel! You peck the electric eel.
You feel the power of Trog in you as your rage grows.
You kill the electric eel!
Trog accepts your kill. The spiny frog stings you!
* * * LOW HITPOINT WARNING * * *
You climb upwards.
Welcome back to the Dungeon!
You feel a strong urge to attack something.
There is a staircase to the Lair here.
You thump the spiny frog! You headbutt the spiny frog.
The spiny frog is heavily wounded.
The spiny frog stings you!
You die...

#.)..# ##†##.#
##...###
##.....##
#.......# .
##.......##
...#......P..#
........)....##
..(....F@.....#
.###..........#
#..........#
##.......#.#
#....P..#.#
##.....##.#
##...## .#
##.## .#


You could see a spiny frog.

Vanquished Creatures
  An elephant (D:10)
  A two-headed ogre (D:9)
  Grinder (D:3)
  A troll (D:9)
  A hippogriff (D:9)
  2 yaks
  A steam dragon (D:9)
  2 phantoms
  A water moccasin (D:7)
  3 sky beasts
  An eye of draining (D:9)
  2 necrophages
  5 orc warriors
  5 ogres
  A centaur (D:5)
  4 giant frogs
  A crocodile (D:10)
  A gnoll sergeant (D:8)
  7 big kobolds
  A wyvern skeleton (D:7)
  2 electric eels
  2 scorpions
  A wight (D:10)
  7 crimson imps
  A centaur zombie (D:5)
  2 giant frog skeletons
  A centaur skeleton (D:8)
  3 hounds
  2 jellies
  5 orc priests
  2 orc wizards
  5 worker ants
  A sheep (D:10)
  2 hound zombies
  13 adders
  8 gnolls
  6 river rats (Sewer)
  3 shadow imps
  An ooze (D:4)
  2 adder skeletons
  An adder zombie (D:7)
  2 worms
  9 giant geckos
  38 orcs
  7 bats
  9 goblins
  3 hobgoblins
  15 jackals
  2 quokkas
  6 ball pythons (Sewer)
  5 giant cockroaches
  A giant gecko skeleton (D:4)
  6 giant newts
  28 kobolds
  20 rats
  4 butterflies (D:4)
  A plant (D:10)
268 creatures vanquished.

Vanquished Creatures (others)
  3 orcs (D:9)
3 creatures vanquished.

Grand Total: 271 creatures vanquished

Notes
Turn   | Place    | Note
--------------------------------------------------------------
     0 | D:1      | luca467 the Minotaur Berserker began the quest for the Orb.
     0 | D:1      | Reached XP level 1. HP: 19/19 MP: 0/0
   120 | D:1      | Reached skill level 4 in Maces & Flails
   296 | D:1      | Reached XP level 2. HP: 26/26 MP: 1/1
   690 | D:2      | Reached skill level 5 in Maces & Flails
   723 | D:2      | Found a blossoming altar of Fedhas.
   743 | D:2      | Acquired Trog's second power
   789 | D:2      | Reached XP level 3. HP: 27/31 MP: 2/2
  1107 | D:2      | Found a deep blue altar of Sif Muna.
  1591 | D:3      | Noticed Grinder
  1596 | D:3      | Reached XP level 4. HP: 36/39 MP: 3/3
  1603 | D:3      | Reached skill level 6 in Maces & Flails
  1611 | D:3      | Killed Grinder
  1611 | D:3      | Reached skill level 8 in Maces & Flails
  1611 | D:3      | Reached XP level 5. HP: 32/45 MP: 4/4
  1611 | D:3      | Reached XP level 6. HP: 36/51 MP: 5/5
  1975 | D:4      | Reached skill level 9 in Maces & Flails
  2085 | D:4      | Reached XP level 7. HP: 20/57 MP: 6/6
  2197 | D:4      | Found a glowing drain.
  2303 | Sewer    | Entered a sewer
  2331 | Sewer    | Reached skill level 10 in Maces & Flails
  2565 | Sewer    | Acquired Trog's third power
  2602 | Sewer    | Reached skill level 11 in Maces & Flails
  2866 | D:4      | You fall through a shaft for 3 floors!
  2892 | D:5      | Entered Level 5 of the Dungeon
  2943 | D:5      | Reached XP level 8. HP: 56/64 MP: 7/7
  3050 | D:4      | Found a staircase to the Ecumenical Temple.
  3349 | D:4      | Reached skill level 12 in Maces & Flails
  3825 | D:5      | Found Tymuofao's Antique Weapon Emporium.
  4060 | D:5      | Reached skill level 5 in Armour
  4313 | D:6      | Gained mutation: You have a beak for a mouth. [mutagenic meat]
  4314 | D:6      | Gained mutation: You are frail (-10% HP). [mutagenic meat]
  4315 | D:6      | Lost mutation: You are frail (-10% HP). [mutagenic meat]
  4316 | D:6      | Gained mutation: You are partially covered in slimy green scales (AC +2). [mutagenic meat]
  4317 | D:6      | Gained mutation: You have a pair of large horns on your head. [mutagenic meat]
  4726 | D:6      | Reached XP level 9. HP: 65/70 MP: 8/8
  5248 | D:7      | Reached skill level 13 in Maces & Flails
  6049 | D:7      | Reached skill level 14 in Maces & Flails
  6192 | D:8      | Reached skill level 1 in Shields
  6703 | D:8      | Reached skill level 5 in Shields
  7098 | D:9      | Reached XP level 10. HP: 77/77 MP: 9/9
  7205 | D:9      | Received a gift from Trog
  7265 | D:9      | Found a roughly hewn altar of Beogh.
  7287 | D:9      | Noticed Maurice
  7537 | D:9      | Found a shattered altar of Ashenzari.
  7910 | D:10     | Entered Level 10 of the Dungeon
  7935 | D:10     | Noticed an elephant
  7952 | D:10     | Killed an elephant
  7957 | D:10     | Reached skill level 10 in Shields
  7984 | D:10     | Found a staircase to the Lair.
  8033 | Lair:1   | Entered Level 1 of the Lair of Beasts
  8140 | D:10     | Slain by a spiny frog

Vault maps used:
D:1:      dpeg_arrival_shrine, minmay_ruptured
D:2:      overflow_temple_1_default, led_sif_pool
D:3:      uniq_grinder
D:4:      minmay_temple_entry_butterflies, portal_sewer_entry_f, first_bread,
          minivault_1, uniq_crazy_yiuf_cottage
D:5:      serial_shops, shop
D:8:      lemuel_upstairs_altar, grunt_ogre_cave, uniq_gastronok
D:9:      glass_columns_c, evilmike_ruin_ashenzari, uniq_maurice
D:10:     david_lair_generic, hiddenorc2_lemuel
Lair:1:   lemuel_fruit_tree, infiniplex_staircase_pool, serial_bayou_shore_a
Sewer:    sewer_minmay_treatment

Action                   |  1- 3 |  4- 6 |  7- 9 | 10-12 || total
-------------------------+-------+-------+-------+-------++-------
Melee: Mace              |    97 |    34 |   455 |   158 ||   744
Invok: Berserk           |       |     3 |     9 |     3 ||    15
  Use: Scroll            |     3 |     4 |    14 |     4 ||    25
  Eat: Meat ration       |     1 |       |     3 |     1 ||     5
       Chunk             |       |       |    14 |     2 ||    16
       Pizza             |       |       |     1 |       ||     1
